 Dungeon Crawl Stone Soup version 0.28-a0-1159-g27aa881441 (webtiles) character file.

Game seed: 10295014902225706309

12657 Peloso the Carver (level 11, -3/100 HPs)
             Began as a Minotaur Fighter on Dec 15, 2021.
             Was an Elder of Okawaru.
             Slain by a two-headed ogre (25 damage)
             ... on level 11 of the Dungeon.
             The game lasted 00:26:53 (11983 turns).

Peloso the Carver (Minotaur Fighter)               Turns: 11983, Time: 00:26:54

Health: -3/100     AC: 21    Str: 23    XL:     11   Next: 65%
Magic:  9/10       EV:  7    Int:  5    God:    Okawaru [****..]
Gold:   464        SH: 16    Dex: 12    Spells: 10/10 levels left

rFire   . . .      SeeInvis .   a - +1 long sword (vorpal)
rCold   . . .      Faith    .   c - +0 tower shield
rNeg    + . .      Spirit   .   x - +4 chain mail
rPois   .          Reflect  .   (helmet restricted)
rElec   .          Harm     .   k - +0 cloak
rCorr   .          Rampage  .   (no gloves)
Will    .....                   j - +2 pair of boots
Stlth   ..........              (no amulet)
HPRegen 0.26/turn               n - ring of positive energy
MPRegen 0.12/turn               (no ring)

@: no status effects
A: horns 2, retaliatory headbutt
a: Renounce Religion, Heroism, Finesse


You were on level 11 of the Dungeon.
You worshipped Okawaru.
Okawaru was greatly pleased with you.
You visited 2 branches of the dungeon, and saw 12 of its levels.

You collected 582 gold pieces.
You spent 118 gold pieces at shops.

Inventory:

Hand Weapons
 a - a +1 vorpal long sword (weapon)
 b - a +5 spear
 o - a +0 hand crossbow
Missiles
 u - 104 bolts
 z - 2 throwing nets (quivered)
Armour
 c - a +0 tower shield (worn)
 j - a +2 pair of boots (worn)
 k - a +0 cloak (worn)
 x - a +4 chain mail (worn)
Jewellery
 n - a ring of positive energy (left hand)
 v - a +6 ring of dexterity
 A - a ring of protection from cold
 D - a +6 ring of dexterity
Wands
 d - a wand of flame (18)
 g - a wand of polymorph (8)
 q - a wand of acid (20)
 B - a wand of iceblast (5)
Scrolls
 h - 3 scrolls of fear
 l - a scroll of magic mapping
 m - 3 scrolls of fog
 p - 3 scrolls of teleportation
 r - 2 scrolls of amnesia
 s - a scroll of noise
 t - a scroll of holy word {unknown}
 w - a scroll of enchant armour
 y - 2 scrolls of enchant weapon
Potions
 e - 3 potions of mutation
 f - 2 potions of brilliance
 i - 2 potions of haste
 E - a potion of flight
Miscellaneous
 C - a box of beasts


   Skills:
 + Level 10.2 Fighting
 + Level 13.0 Long Blades
 + Level 1.8 Crossbows
 + Level 11.7 Armour
 + Level 3.6 Dodging
 + Level 2.2 Stealth
 + Level 10.4 Shields
 + Level 0.2 Invocations


You had 10 spell levels left.
You didn't know any spells.
Your spell library contained the following spells:

 Spells                   Type           Power      Damage    Failure   Level
 Magic Dart               Conj           0%         1d3       100%        1
 Sting                    Tmut/Pois      0%         1d3       100%        1
 Ensorcelled Hibernation  Hex/Ice        0%         N/A       100%        2
 Poisonous Vapours        Pois/Air       0%         N/A       100%        2
 Mephitic Cloud           Conj/Pois/Air  0%         N/A       100%        3
 Portal Projectile        Hex/Tloc       0%         N/A       100%        3
 Spider Form              Tmut/Pois      0%         N/A       100%        3
 Olgreb's Toxic Radiance  Pois           0%         N/A       100%        4
 Passage of Golubria      Tloc           0%         N/A       100%        4
 Blade Hands              Tmut           0%         N/A       100%        5
 Excruciating Wounds      Necr           0%         N/A       100%        5
 Fireball                 Conj/Fire      0%         3d3       100%        5
 Silence                  Hex/Air        0%         N/A       100%        5
 Starburst                Conj/Fire      0%         6d3       100%        6
 Ignition                 Fire           0%         3d3       100%        8
 Lehudib's Crystal Spear  Conj/Erth      0%         10d2      100%        8
 Call Imp                 Summ           Unusable   N/A       N/A         2

Dungeon Overview and Level Annotations

Branches:
Dungeon (11/15)            Temple (1/1) D:7            Lair (0/6) D:8
    Orc (0/2) D:11

Altars:
Ashenzari
Cheibriados
Dithmenos
Elyvilon
Fedhas
Gozag
Hepliaklqana
Kikubaaqudgha
Makhleb
Nemelex Xobeh
Okawaru
Qazlal
Ru
Sif Muna
Trog
Uskayaw
Vehumet
Wu Jian
Xom
Yredelemnul
Zin
The Shining One

Shops:
D:5 ?   D:6 !   D:8 *(*   D:11 [

Annotations:
D:5 Pergamena acquirement


Innate Abilities, Weirdness & Mutations

You have a pair of horns on your head.
You reflexively headbutt those who attack you in melee.


Message History

The two-headed ogre misses you. You block the two-headed ogre's attack.
You slash the two-headed ogre!
You kill the two-headed ogre!
Okawaru accepts your kill.
Your base Long Blades skill increases to level 13!
You slash the two-headed ogre!
Your headbutt misses the two-headed ogre.
The two-headed ogre is lightly wounded.
You block the two-headed ogre's attack.
The two-headed ogre hits you with a +0 giant spiked club!
You hit the two-headed ogre but do no damage.
You headbutt the two-headed ogre, but do no damage.
The two-headed ogre is lightly wounded.
You block the two-headed ogre's attack.
The two-headed ogre hits you with a +0 giant spiked club!
You hit the two-headed ogre but do no damage.
You headbutt the two-headed ogre.
The two-headed ogre is moderately wounded.
You hit the two-headed ogre.
The two-headed ogre is moderately wounded.
The two-headed ogre barely misses you. You block the two-headed ogre's attack.
You hit the two-headed ogre.
The two-headed ogre is heavily wounded.
You block the two-headed ogre's attack. x2
You slash the two-headed ogre!
The two-headed ogre is heavily wounded.
You hit the two-headed ogre but do no damage.
You headbutt the two-headed ogre!
The two-headed ogre is severely wounded.
The two-headed ogre hits you with a +0 giant spiked club!
* * * LOW HITPOINT WARNING * * *
The two-headed ogre misses you.
You barely miss the two-headed ogre. You headbutt the two-headed ogre.
The two-headed ogre is severely wounded.
You feel like a meek peon again. The two-headed ogre closely misses you.
You block the two-headed ogre's attack.
You barely miss the two-headed ogre.
The two-headed ogre is severely wounded.
The two-headed ogre hits you with a +0 giant spiked club!!
You die...

#............#..#...####...
#............#.#...........
#............##............
#.>..........##............
#............##..#.........
#............##..#....##...
#.......##.......#######...
#.......##.......# .....
#.......##@#'##### .....
#.......##O#....# ##+#
#..........#....# # ...
#......)...#....# #..#.
.....}....#....# #..#.
........#....# #..#.
.....##.#....#######....
..... #.#..........#....
..... ..#..........#....


You could see a two-headed ogre.

Vanquished Creatures
  Josephine (D:10)
  A two-headed ogre (D:11)
  Pikel (D:4)
  3 cyclopes
  A centaur zombie (D:10)
  2 trolls (D:11)
  Grinder (D:3)
  A slime creature (D:9)
  A meliai zombie (D:11)
  Sigmund (D:3)
  5 wraiths (D:10)
  A wyvern (D:9)
  20 yaks
  A basilisk (D:9)
  4 steam dragons
  2 vampire mosquitoes (D:11)
  Menkaure (D:5)
  2 acid dragons
  2 wargs (D:11)
  Edmund (D:6)
  2 ice beasts
  4 orc warriors
  2 ogres (D:6)
  A necrophage (D:6)
  2 centaurs
  A phantom (D:6)
  2 bullfrogs
  3 scorpions
  A wyvern skeleton (D:7)
  13 wights
  2 howler monkeys (D:7)
  2 bullfrog zombies
  Crazy Yiuf (D:4)
  6 hounds
  2 centaur skeletons (D:7)
  A bullfrog skeleton (D:5)
  4 orc priests
  7 orc wizards
  Ijyb (D:3)
  3 iguanas
  Natasha (thrice) (D:3)
  A killer bee zombie (D:8)
  A hound zombie (D:5)
  A howler monkey zombie (D:5)
  12 gnolls
  4 adders
  A white imp (D:7)
  An adder skeleton (D:4)
  5 worms
  3 dart slugs (D:1)
  20 orcs
  4 ball pythons
  8 endoplasms
  3 giant cockroaches
  7 goblins
  4 hobgoblins
  4 jackals (D:2)
  7 quokkas (D:1)
  A bat (D:1)
  4 frilled lizards
  4 kobolds
  12 rats
222 creatures vanquished.

Vanquished Creatures (others)
  7 plants (D:2)
7 creatures vanquished.

Grand Total: 229 creatures vanquished

Notes
Turn   | Place    | Note
-------+----------+-------------------------------------------
     0 | D:1      | Peloso the Minotaur Fighter began the quest for the Orb.
     0 | D:1      | Reached XP level 1. HP: 19/19 MP: 0/0
    97 | D:1      | Reached XP level 2. HP: 27/27 MP: 1/1
   359 | D:1      | Reached XP level 3. HP: 33/33 MP: 2/2
   414 | D:1      | Reached skill level 3 in Long Blades
   816 | D:2      | Reached XP level 4. HP: 11/40 MP: 3/3
   816 | D:2      | HP: 2/40 [gnoll (3)]
  1116 | D:1      | Reached skill level 1 in Dodging
  1385 | D:2      | Found a faded altar of an unknown god.
  1504 | D:2      | Reached skill level 4 in Long Blades
  1587 | D:2      | Found a basalt altar of Yredelemnul.
  1787 | D:3      | Noticed Sigmund
  1794 | D:3      | Killed Sigmund
  1795 | D:3      | Reached skill level 5 in Armour
  1795 | D:3      | Reached XP level 5. HP: 33/47 MP: 4/4
  1795 | D:3      | Reached XP level 6. HP: 37/53 MP: 5/5
  1915 | D:3      | Noticed Natasha
  1919 | D:3      | Killed Natasha
  1940 | D:3      | Noticed Grinder
  1947 | D:3      | Paralysed by Grinder for 6 turns
  1956 | D:3      | Killed Grinder
  1957 | D:3      | Reached skill level 5 in Long Blades
  1957 | D:3      | Reached skill level 1 in Stealth
  2050 | D:3      | Noticed Ijyb
  2055 | D:3      | Killed Ijyb
  2056 | D:3      | Reached XP level 7. HP: 60/60 MP: 6/6
  2291 | D:3      | Noticed Natasha
  2298 | D:3      | Killed Natasha
  2299 | D:3      | Reached skill level 5 in Fighting
  2413 | D:3      | Noticed Natasha
  2421 | D:3      | Killed Natasha
  2422 | D:3      | Reached skill level 6 in Long Blades
  2451 | D:4      | Identified the +0 robe of Elitism {Drain rF+++ rCorr Dex-4}
  3104 | D:4      | Reached skill level 7 in Long Blades
  3203 | D:4      | Found a runed translucent door.
  3204 | D:4      | Noticed Crazy Yiuf
  3357 | D:4      | Killed Crazy Yiuf
  3411 | D:5      | Entered Level 5 of the Dungeon
  3411 | D:5      | Noticed Pikel
  3411 | D:5      | Found Venaut's Magic Scroll Shop.
  3425 | D:4      | Killed Pikel
  3426 | D:4      | Reached skill level 8 in Long Blades
  3426 | D:4      | Reached XP level 8. HP: 43/70 MP: 7/7
  3783 | D:5      | Reached skill level 5 in Shields
  3873 | D:5      | Noticed Menkaure
  3880 | D:5      | Killed Menkaure
  4510 | D:6      | Reached skill level 9 in Long Blades
  4525 | D:6      | Reached XP level 9. HP: 67/79 MP: 8/8
  5046 | D:6      | Noticed Edmund
  5060 | D:6      | Killed Edmund
  5142 | D:6      | Found Jeng's Distillery.
  5148 | D:6      | Bought a potion of degeneration for 13 gold pieces
  5250 | D:7      | Found a staircase to the Ecumenical Temple.
  5258 | Temple   | Entered the Ecumenical Temple
  6704 | D:7      | Reached skill level 1 in Crossbows
  6849 | D:7      | Reached skill level 10 in Long Blades
  7239 | D:8      | Found Wuvveclau's General Store.
  7247 | D:8      | Bought a potion of heal wounds for 65 gold pieces
  7472 | D:8      | Found a staircase to the Lair.
  7881 | D:7      | Reached XP level 10. HP: 88/88 MP: 9/9
  8165 | D:8      | Found Curhicw's General Store.
  8173 | D:8      | Bought a scroll of identify for 20 gold pieces
  8173 | D:8      | Bought a scroll of identify for 20 gold pieces
  8253 | D:8      | Found Ohomis's Weapon Boutique.
  8345 | D:8      | Found an iron altar of Okawaru.
  8362 | D:8      | Became a worshipper of Warmaster Okawaru
  8439 | D:9      | Noticed a cyclops
  8473 | D:9      | Killed a cyclops
  8473 | D:9      | Reached * piety under Okawaru
  8474 | D:9      | Reached skill level 11 in Long Blades
  9226 | D:9      | Noticed a cyclops
  9232 | D:9      | Killed a cyclops
  9233 | D:9      | Reached skill level 10 in Armour
  9401 | D:9      | Reached ** piety under Okawaru
  9763 | D:10     | Entered Level 10 of the Dungeon
 10019 | D:10     | Identified the +1 ring mail of Objectivity {rPois}
 10041 | D:10     | Noticed Josephine
 10055 | D:10     | Killed Josephine
 10056 | D:10     | Reached skill level 12 in Long Blades
 10056 | D:10     | Reached XP level 11. HP: 69/97 MP: 7/10
 10483 | D:10     | Reached *** piety under Okawaru
 11074 | D:11     | Found a staircase to the Orcish Mines.
 11269 | D:11     | Reached **** piety under Okawaru
 11282 | D:11     | Reached skill level 10 in Shields
 11388 | D:11     | Found a sparkling altar of Nemelex Xobeh.
 11453 | D:11     | Found Iseu's Armour Boutique.
 11547 | D:11     | Reached skill level 10 in Fighting
 11892 | D:11     | Received a gift from Okawaru
 11955 | D:11     | Noticed a two-headed ogre
 11958 | D:11     | Noticed a two-headed ogre
 11974 | D:11     | Killed a two-headed ogre
 11975 | D:11     | Reached skill level 13 in Long Blades
 11983 | D:11     | Slain by a two-headed ogre

Illustrated notes

Levels and vault maps discovered:
D:1:      dpeg_arrival_ratfight, layout_rooms, minmay_quantized
D:2:      layout_rooms, basic_altar, dilly_ecumenical_altar_fadedgnrine,
          amcnicky_mini_corridor_feature
D:3:      layout_basic, uniq_grinder, uniq_natasha, uniq_sigmund, uniq_ijyb
D:4:      layout_loops_ring, uniq_crazy_yiuf_cottage
D:5:      layout_basic, serial_shops, nicolae_stop_n_shop_2, uniq_pikel,
          uniq_menkaure
D:6:      layout_rooms, serial_shops, nicolae_shop_waterfront, uniq_edmund
D:7:      layout_gridville, minmay_temple_entry_stoned_glass
D:8:      layout_gridville, lemuel_doored_altar, lair_entry_dummy, serial_shops,
          shop_statue, nicolae_lakefront_shop, shop, st_stairs_6
D:9:      layout_roguey, kb_rosetta
D:10:     layout_roguey, uniq_josephine
D:11:     layout_stronghold, david_orc_3, serial_shops, nicolae_shop_trees,
          hangedman_decor_slide_cut, nemelex_lonely_heart_becter
Temple:   mainiacjoe_temple_starburst

Skill      XL: |  1  2  3  4  5  6  7  8  9 10 11 |
---------------+----------------------------------+-----
Fighting       | 4 6 7 9 10 | 10.2
Armour         | 4 5 6 7 8 9 10 11 | 11.7
Shields        | 4 5 7 9 10 | 10.4
Long Blades    | 3 4 5 8 9 10 12 13 | 13.0
Dodging        | 1 2 3 |  3.6
Stealth        | 1 2 |  2.2
Crossbows      | 1 |  1.8
Invocations    | |  0.2

Action                   |  1- 3 |  4- 6 |  7- 9 | 10-12 || total
-------------------------+-------+-------+-------+-------++-------
Melee: Long sword        |    90 |    46 |   385 |   376 ||   897
       Headbutt          |    10 |    14 |    87 |    97 ||   208
 Fire: Hand crossbow     |       |       |    10 |       ||    10
Invok: Heroism           |       |       |       |     4 ||     4
  Use: Potion            |       |     1 |     5 |     1 ||     7
       Scroll            |       |     2 |     4 |     5 ||    11
 Stab: Distracted        |     1 |       |       |       ||     1
Armor: Scale mail        |    63 |     7 |       |       ||    70
       Plate armour      |       |    13 |   230 |   146 ||   389
       Chain mail        |       |       |       |    37 ||    37
Dodge: Dodged            |    64 |    19 |   103 |    61 ||   247
Block: Buckler           |    26 |     8 |    10 |       ||    44
       Kite shield       |       |       |   196 |    51 ||   247
       Tower shield      |       |       |       |   188 ||   188

Table legend: (Time is in decaauts)
 A = Elapsed time spent in this place.
 B = Non-inter-level travel time spent in this place.
 C = Inter-level travel time spent in this place.
 D = Time resting spent in this place.
 E = Time spent auto-exploring this place.
 F = Levels seen in this place.
 G = Mean time per level.
                   A        B        C        D        E       F      G
               +--------+--------+--------+--------+--------+-----+--------+
         Total |  12112 |  11684 |    428 |   1068 |   8040 |  12 | 1009.3 |
       Dungeon |  11495 |  11174 |    321 |   1068 |   7538 |  11 | 1045.0 |
        Temple |    616 |    509 |    107 |      0 |    502 |   1 |  616.0 |
               +--------+--------+--------+--------+--------+-----+--------+

Top non-repeatable levels by time:
     D:7: 1620 daAuts
     D:9: 1365 daAuts
     D:4: 1187 daAuts
    D:10: 1169 daAuts
    D:11: 1100 daAuts
     D:1: 1056 daAuts
     D:8: 910 daAuts
     D:6: 849 daAuts
     D:5: 812 daAuts
     D:2: 749 daAuts
     D:3: 673 daAuts
  Temple: 616 daAuts
